 Dungeon Crawl Stone Soup version 0.29-a0-271-gd4eb659eea (webtiles) character file.

Game seed: 5396806334260000021

77 spaghetti the Bolt Thrower (level 4, 0/39 HPs)
             Began as a Naga Hunter on Mar 8, 2022.
             Was a Follower of Nemelex Xobeh.
             Slain by a hellwing (15 damage)
             ... summoned by the player character
             ... on level 2 of the Dungeon.
             The game lasted 00:01:59 (1149 turns).

spaghetti the Bolt Thrower (Naga Hunter)            Turns: 1149, Time: 00:01:59

Health: 0/39       AC:  2    Str: 17    XL:     4   Next: 34%
Magic:  0/6        EV:  9    Int: 11    God:    Nemelex Xobeh [*.....]
Gold:   81         SH:  0    Dex: 11    Spells: 6/6 levels left

rFire   . . .      SeeInvis +   a - +1 hand crossbow {crossbow}
rCold   . . .      Faith    .   (no shield)
rNeg    . . .      Spirit   +   b - +0 leather armour
rPois   +          Reflect  .   (no helmet)
rElec   .          Harm     .   (no cloak)
rCorr   .          Rampage  .   (no gloves)
Will    .....                   (no barding)
Stlth   +.........              e - amulet of guardian spirit
HPRegen 0.13/turn               (no ring)
MPRegen 0.10/turn               (no ring)

@: short of breath, very slow
A: AC +1, large, see invisible, deformed body, poison resistance, slowness 2,
spit poison 1, naga tail 1
a: Spit Poison, Renounce Religion, Draw Escape, Draw Destruction, Draw Summoning


You were on level 2 of the Dungeon.
You worshipped Nemelex Xobeh.
Nemelex Xobeh was aware of your devotion.
You visited 1 branch of the dungeon, and saw 2 of its levels.

You collected 81 gold pieces.


Innate Abilities, Weirdness & Mutations

Your serpentine skin is tough. (AC +1)
You have supernaturally acute eyesight. (SInv)
Armour fits poorly on your strangely shaped body.
Your system is resistant to poisons. (rPois)
You cover ground very slowly.
You can spit poison.
You have a snake-like lower body.


   Skills:
 - Level 2.0 Fighting
 - Level 4.0 Crossbows
 - Level 1.5 Dodging
 - Level 1.5 Stealth
 - Level 1.5 Spellcasting
 + Level 2.9 Invocations


You had 6 spell levels left.
You didn't know any spells.
Your spell library was empty.

Inventory:

Hand Weapons
 a - a +1 hand crossbow (weapon) {crossbow}
Missiles
 g - 50 stones {throwing}
Armour
 b - a +0 leather armour (worn)
Magical Staves
 f - a staff of poison {!astaff}
   (You found it on level 1 of the Dungeon)
Jewellery
 e - an amulet of guardian spirit (around neck)
   (You found it on level 1 of the Dungeon)
Scrolls
 c - a scroll of immolation {!r!r}
 d - a scroll of identify {@r1}
 h - a scroll of magic mapping {unknown}
 j - a scroll of fear {unknown}

Dungeon Overview and Level Annotations

Branches:
Dungeon (2/15)

Altars:
Nemelex Xobeh
Ru

......... ...
......... ...##
........# .....
......##.....
............
#.).......# ..
+...).....# ....
##).....#
....###@4.....#
......###.....#
..............#
.........)....#
..............#
..............#
..........###.#+#
..........+......
..........#......
....


You could see a hellwing (summoned).


Message History

i - a potion of heal wounds The gnoll hits you from afar with a +0 spear.
* * * LOW HITPOINT WARNING * * *
The gnoll misses you. The gnoll closely misses you.
The hellwing misses your hell hound.
The hellwing closely misses your hell hound. 😱 HP[-2]
You take 2 damage, and now have 4/32 hp.
You feel much better.
Your hell hound bites the gnoll.
The gnoll hits you but does no damage.
The gnoll completely misses your hell hound.
The gnoll closely misses you.
Your hell hound bites the gnoll.
The hellwing hits your hell hound.
The hellwing misses your hell hound. 😕 HP[+21]
You regained 21 hp, and now have 25/32 hp.
Unknown command.
You draw a card...
You have drawn the Tomb.
Walls emerge from the floor!
Your hell hound bites the gnoll!
The gnoll dies!
The gnoll hits you from afar with a +0 spear!
The gnoll misses you.
The hellwing closely misses your hell hound.
The hellwing barely misses your hell hound.
Your Invocations skill increases to level 2!
You have reached level 4!
You feel stronger. 😮 HP[-3]
You now have 39 max hp (+7).
You draw a card...
You have drawn the Tomb.
Walls emerge from the floor!
The deck of cards glows slightly and disappears.
The gnoll hits you with a +0 club.
Your hell hound bites the gnoll.
The hellwing hits your hell hound. x2 😮 HP[-1]
You take 1 damage, and now have 21/39 hp.
Aiming: Spit Poison (1% risk of failure)
Press: ? - help, Q - select action, (/) - cycle Shift-Dir - straight line, f/p - gnoll
Aim: a gnoll, wielding a +0 club (moderately wounded, 65% to hit)
The splash of poison hits the gnoll.
Your hell hound bites the gnoll.
The gnoll hits you from afar with a +0 spear.
* * * LOW HITPOINT WARNING * * *
The gnoll closely misses you.
The hellwing hits your hell hound but does no damage. x2 😨 HP[-6]
You take 6 damage, and now have 15/39 hp.
You can't do that yet.
Unknown command.
You can't do that yet.
You can't do that yet.
You can't do that yet.
Shoot: a) +1 hand crossbow {crossbow}
Press: ? - help, Q - select action, (/) - cycle Shift-Dir - straight line, f/p - gnoll
Aim: a gnoll, wielding a +0 club (severely wounded, 65% to hit)
You shoot a bolt. The bolt barely misses the gnoll.
Your hell hound bites the hellwing!
Your hell hound bites the hellwing but does no damage.
The gnoll barely misses you. The gnoll closely misses you.
The hellwing barely misses your hell hound.
The hellwing misses your hell hound. 😨 MP[+1] Shoot: a) +1 hand crossbow {crossbow}
Press: ? - help, Q - select action, (/) - cycle Shift-Dir - straight line, f/p - gnoll
Aim: a gnoll, wielding a +0 club (severely wounded, 65% to hit)
You shoot a bolt. The bolt hits the gnoll.
You kill the gnoll!
You have got your breath back.
Your hell hound bites the hellwing.
The gnoll hits you from afar with a +0 spear.
* * * LOW HITPOINT WARNING * * *
The hellwing hits your hell hound. x2
Your hell hound closely misses the hellwing. 😨 HP[-2]
You take 2 damage, and now have 13/39 hp.
Aiming: Spit Poison (1% risk of failure)
Press: ? - help, Shift-Dir - straight line, f - gnoll
Aim: a gnoll, wielding a +0 spear (moderately wounded, 65% to hit)
The splash of poison hits the gnoll.
The gnoll is poisoned.
Your hell hound barely misses the hellwing.
The gnoll hits you from afar with a +0 spear.
* * * LOW HITPOINT WARNING * * *
The hellwing hits your hell hound!
Your hell hound dies!
Your hell hound's corpse disappears in a puff of smoke! 😱 HP[-5]
You take 5 damage, and now have 8/39 hp.
Shoot: a) +1 hand crossbow {crossbow}
Press: ? - help, Q - select action, (/) - cycle Shift-Dir - straight line, f/p - gnoll
Aim: a gnoll, wielding a +0 spear (severely wounded, poisoned, 65% to hit)
You shoot a bolt. The bolt hits the gnoll.
You kill the gnoll!
The hellwing hits you.
* * * LOW HITPOINT WARNING * * *
The hellwing barely misses you. 😱 HP[-5]
You take 5 damage, and now have 3/39 hp.
Okay, then.
Okay, then.
It was a potion of curing.
You feel better. The hellwing hits you!
You die...
Your body disappears without a glow.

Skill      XL: |  1  2  3 |
---------------+----------+-----
Crossbows      | 4 |  4.0
Spellcasting   | 1 |  1.5
Invocations    | 2 |  2.9
Fighting       | |  2.0
Dodging        | |  1.5
Stealth        | |  1.5

Action                   |  1- 3 |  4- 6 || total
-------------------------+-------+-------++-------
 Fire: Hand crossbow     |    59 |     3 ||    62
Invok: Draw Summoning    |     2 |       ||     2
       Draw Escape       |     1 |     1 ||     2
 Abil: Spit Poison       |     1 |     2 ||     3
  Use: Potion            |     1 |     1 ||     2
       Scroll            |     1 |       ||     1
Armor: Leather armour    |     4 |       ||     4
Dodge: Dodged            |    15 |     4 ||    19

Levels and vault maps discovered:
D:1:      tarquinn_simple_flora_water_d, layout_basic,
          dreamdust_ecumenical_altar_drowned_temple
D:2:      layout_basic, basic_altar, kennysheep_cross_bottleneck,
          uniq_crazy_yiuf_cottage

Notes
Turn   | Place    | Note
-------+----------+-------------------------------------------
     0 | D:1      | spaghetti the Naga Hunter began the quest for the Orb.
     0 | D:1      | Reached XP level 1. HP: 19/19 MP: 1/1
     0 | D:1      | magus.rc [v1.9.6]
    93 | D:1      | Found a faded altar of an unknown god.
   179 | D:1      | Reached skill level 4 in Crossbows
   179 | D:1      | Reached XP level 2. HP: 26/26 MP: 2/2
   360 | D:1      | Reached skill level 1 in Spellcasting
   827 | D:1      | Prayed at the altar of an unknown god.
   827 | D:1      | Became a worshipper of Nemelex Xobeh the Trickster
   827 | D:1      | Reached * piety under Nemelex Xobeh
   937 | D:2      | Reached XP level 3. HP: 32/32 MP: 5/5
   993 | D:2      | Reached skill level 1 in Invocations
  1054 | D:2      | Received a gift from Nemelex Xobeh
  1057 | D:2      | Found a sacrificial altar of Ru.
  1139 | D:2      | Noticed a hellwing
  1139 | D:2      | HP: 6/32 [gnoll/+0 flail (7)]
  1143 | D:2      | Reached skill level 2 in Invocations
  1143 | D:2      | Reached XP level 4. HP: 22/39 MP: 0/6
  1147 | D:2      | HP: 8/39 [gnoll/+0 spear (5)]
  1148 | D:2      | HP: 3/39 [hellwing[the player character] (5)]
  1149 | D:2      | Slain by a hellwing

Vanquished Creatures
  4 gnolls
  An orc (D:2)
  2 ball pythons (D:2)
  5 bats
  3 endoplasms
  A giant cockroach (D:1)
  3 goblins
  3 hobgoblins
  A quokka (D:2)
  3 kobolds
  A rat (D:1)
  A spectral hobgoblin (D:1)
28 creatures vanquished.

Vanquished Creatures (collateral kills)
  A gnoll (D:2)
1 creature vanquished.

Grand Total: 29 creatures vanquished

Table legend:
 A = Non-vault XP
 B = Vault XP
 C = Vault XP percentage of total XP
 D = Non-vault monster count
 E = Vault monster count
 F = Vault count percentage of total count
                 A         B        C        D         E       F
            +---------+---------+-------+---------+---------+-------
      Total |     110 |       1 |   0.9 |      28 |       1 |   3.4
            +---------+---------+-------+---------+---------+-------
        D:1 |      30 |       1 |   3.2 |      10 |       1 |   9.1
        D:2 |      80 |       0 |   0.0 |      18 |       0 |   0.0
            +---------+---------+-------+---------+---------+-------

Illustrated notes

Table legend:
 A = Kills in this place as a percentage of kills in entire the game.
 B = Kills by you in this place as a percentage of kills by you in the entire game.
 C = Kills by friends in this place as a percentage of kills by friends in the entire game.
 D = Other kills in this place as a percentage of other kills in the entire game.
 E = Experience gained in this place as a percentage of experience gained in the entire game.
 F = Experience gained in this place divided by the number of levels of this place that you have seen.
                   A       B       C       D       E      F
               +-------+-------+-------+-------+-------+----------------------
         Total | 100.0 | 100.0 | 100.0 |   N/A | 100.0 |  55.5
       Dungeon | 100.0 | 100.0 | 100.0 |   N/A | 100.0 |  55.5
               +-------+-------+-------+-------+-------+----------------------

Table legend: (Time is in decaauts)
 A = Elapsed time spent in this place.
 B = Non-inter-level travel time spent in this place.
 C = Inter-level travel time spent in this place.
 D = Time resting spent in this place.
 E = Time spent auto-exploring this place.
 F = Levels seen in this place.
 G = Mean time per level.
                   A        B        C        D        E       F      G
               +--------+--------+--------+--------+--------+-----+--------+
         Total |   1549 |   1457 |     92 |      0 |   1308 |   2 |  774.5 |
       Dungeon |   1549 |   1457 |     92 |      0 |   1308 |   2 |  774.5 |
               +--------+--------+--------+--------+--------+-----+--------+

Top non-repeatable levels by time:
     D:1: 1215 daAuts
     D:2: 333 daAuts
